 Dungeon Crawl Stone Soup version 0.17-a0-1987-gaf5a542 (webtiles) character file.

1934 4thArraOfDagon the Ruffian (level 8, -2/118 HPs)
             Began as a Troll Summoner on Oct 6, 2015.
             Was a Believer of Cheibriados (penitent).
             Shot with an arrow by a centaur (12 damage)
             ... on level 8 of the Dungeon.
             The game lasted 00:10:39 (1898 turns).

4thArraOfDagon the Ruffian (Troll Summoner)         Turns: 1898, Time: 00:10:39

Health: -2/118     AC:  5    Str: 22    XL:     8   Next: 97%
Magic:  9/9        EV: 11    Int: 13    God:    Cheibriados [*]
Gold:   181        SH:  0    Dex: 10    Spells: 0 memorised, 9 levels left

rFire  . . .     SeeInvis .       - Unarmed
rCold  . . .     Clarity  .     a - +0 robe
rNeg   + . .     SustAt   .     (no shield)
rPois  .         Gourm    +     (helmet restricted)
rElec  .         Spirit   .     (no cloak)
rCorr  .         Warding  .     (gloves unavailable)
rMut   .         Stasis   .     (boots unavailable)
MR     .....                    (no amulet)
Stlth  ..........               (no ring)
                                l - ring of positive energy

@: berserking (expiring), very slow, not resistant to hostile enchantments,
extremely unstealthy
A: unfitting armour, claws 3, fast metabolism 3, gourmand, regeneration 2,
shaggy fur 1, tough skin 2
a: Renounce Religion


You were on level 8 of the Dungeon.
You worshipped Cheibriados.
Cheibriados was demanding penance.
You were completely stuffed.

You visited 2 branches of the dungeon, and saw 10 of its levels.

You collected 181 gold pieces.

Inventory:

Hand Weapons
 o - a +0 giant spiked club
Missiles
 u - a throwing net (quivered)
Armour
 a - a +0 robe (worn)
Magical Staves
 r - an uncursed staff of conjuration {unknown}
Jewellery
 l - a ring of positive energy (left claw)
Wands
 k - a wand of flame (24)
Scrolls
 b - 2 scrolls of remove curse {unknown}
 d - 4 scrolls of fear {unknown}
 e - a scroll of enchant armour {unknown}
 f - a scroll of blinking
 g - a scroll of identify
 h - 4 scrolls of immolation {unknown}
 m - a scroll of amnesia {unknown}
 q - 2 scrolls of teleportation
 s - a scroll of random uselessness {unknown}
Potions
 t - a potion of heal wounds {unknown}
Comestibles
 c - 7 bread rations
 i - 7 beef jerkies
 j - 2 meat rations


   Skills:
 + Level 4.7 Fighting
 + Level 3.8 Dodging
 - Level 1.1 Stealth
 * Level 7.9 Unarmed Combat
 - Level 1.2 Spellcasting
   Level 2.9 Summonings
 + Level 3.6 Invocations


You had 9 spell levels left.
You didn't know any spells.

Dungeon Overview and Level Annotations

Branches:
Dungeon (9/15)             Temple (1/1) D:7
   Lair: D:8-11         Orc: D:9-12

Altars:
Ashenzari
Cheibriados
Elyvilon
Gozag
Makhleb
Ru
Sif Muna
Trog
Yredelemnul
The Shining One

Shops:
D:7 *

Annotations:
D:6 Anothat's ghost, novice GrGl
D:8 Psyche


Innate Abilities, Weirdness & Mutations

You are too large for most types of armour.
You have claws for hands.
Your metabolism is lightning-fast.
You like to eat raw meat.
You heal very quickly.
You are covered in fur (AC +1).
You have very tough skin (AC +2).


Message History

* * * LOW HITPOINT WARNING * * *
The jelly closely misses you.
Unknown command.
You closely miss Psyche.
Psyche is heavily wounded.
The centaur shoots an arrow.
The arrow hits you.
* * * LOW HITPOINT WARNING * * *
Psyche closely misses you. The jelly closely misses you.
Unknown command.
Unknown command.
You scratch Psyche.
Psyche is severely wounded.
The centaur shoots an arrow.
The arrow hits you!
* * * LOW HITPOINT WARNING * * *
Psyche hits you with a dagger of chaos.
* * * LOW HITPOINT WARNING * * *
You are electrocuted!
* * * LOW HITPOINT WARNING * * *
The jelly misses you.
The centaur shoots an arrow.
The arrow hits you!
You die...

## ### #.. .. .... #.#
..## #.#.####.###...
.....(........###
#...............
#..(........# .
.#...(@@###..#...
........J.........
##########..c((.......
##........##.......#.#.
##..........##..........
##............####..##...
##..............## ..# ..
##................##... .
#..................#....


You could see Psyche, a centaur and a jelly.

Vanquished Creatures
  A sky beast (D:8)
  A black bear (D:9)
  2 phantoms (D:5)
  3 eyes of draining (D:6)
  2 ogres
  2 centaurs (D:9)
  4 giant frogs
  A gnoll sergeant (D:9)
  A scorpion (D:5)
  A giant frog zombie (D:5)
  A hound (D:7)
  An orc priest (D:9)
  A jelly (D:6)
  4 orc wizards
  Jessica (D:2)
  Natasha (twice) (D:4)
  4 worker ants
  An iguana (D:8)
  A killer bee zombie (D:9)
  A worker ant zombie (D:8)
  5 gnolls
  5 adders
  A shadow imp (D:8)
  An adder zombie (D:5)
  2 worms
  18 orcs
  2 goblins
  6 jackals
  A giant cockroach (D:4)
  2 giant geckos
  A kobold (D:3)
  A quokka zombie (D:7)
  A rat (D:1)
81 creatures vanquished.

Notes
Turn   | Place    | Note
--------------------------------------------------------------
     0 | D:1      | 4thArraOfDagon the Troll Summoner began the quest for the Orb.
     0 | D:1      | Reached XP level 1. HP: 16/16 MP: 1/1
    63 | D:2      | Noticed Jessica
   100 | D:2      | Killed Jessica
   100 | D:2      | Reached skill level 1 in Fighting
   100 | D:2      | Reached XP level 2. HP: 25/27 MP: 2/2
   100 | D:2      | Reached XP level 3. HP: 30/33 MP: 3/3
   145 | D:3      | Found a faded altar to an unknown god.
   193 | D:3      | Found a basalt altar of Yredelemnul.
   202 | D:3      | Reached XP level 4. HP: 25/42 MP: 4/4
   260 | D:4      | Reached skill level 3 in Unarmed Combat
   261 | D:4      | Noticed Natasha
   274 | D:4      | Killed Natasha
   332 | D:4      | Noticed Natasha
   337 | D:5      | Entered Level 5 of the Dungeon
   343 | D:5      | Noticed a phantom
   406 | D:5      | Killed a phantom
   406 | D:5      | Reached skill level 4 in Unarmed Combat
   406 | D:5      | Reached XP level 5. HP: 6/50 MP: 5/5
   561 | D:6      | Noticed Anothat's ghost (novice GrGl)
   628 | D:7      | Reached XP level 6. HP: 46/59 MP: 6/6
   675 | D:7      | Reached skill level 5 in Unarmed Combat
   681 | D:7      | Found a staircase to the Ecumenical Temple.
   691 | Temple   | Entered the Ecumenical Temple
   705 | Temple   | Became a worshipper of Cheibriados the Contemplative
   745 | D:7      | Found Femn's General Store.
   914 | D:4      | Killed Natasha
   944 | D:5      | Found a burning altar of Makhleb.
   954 | D:5      | Acquired Cheibriados's first power
   954 | D:5      | Reached skill level 1 in Invocations
   954 | D:5      | Reached XP level 7. HP: 62/67 MP: 7/7
   962 | D:5      | Noticed a phantom
   985 | D:5      | Killed a phantom
  1103 | D:6      | Noticed an eye of draining
  1122 | D:6      | Killed an eye of draining
  1122 | D:6      | Reached skill level 6 in Unarmed Combat
  1126 | D:6      | Found a bloodstained altar of Trog.
  1127 | D:6      | Noticed an eye of draining
  1127 | D:6      | Noticed an eye of draining
  1136 | D:6      | Killed an eye of draining
  1144 | D:6      | Killed an eye of draining
  1415 | D:8      | Reached XP level 8. HP: 20/78 MP: 8/8
  1490 | D:8      | Reached skill level 7 in Unarmed Combat
  1885 | D:8      | Noticed Psyche
  1891 | D:8      | Was placed under penance by Cheibriados
  1898 | D:8      | Shot with an arrow by a centaur

Vault maps used:
D:1:      scummos_arrival_hexagon
D:2:      uniq_jessica
D:3:      lemuel_doored_altar, gammafunk_temple_overflow_statue,
          ecumenical_altar_1, roderic_lattice_a, yredelemnul_altar_generic
D:4:      black_bear_nest_2, first_bread, serial_shops, kennysheep_mini,
          uniq_duvessa, uniq_crazy_yiuf_cottage, uniq_natasha
D:5:      kennysheep_little_box, nicolae_overflow_hidden_temple
D:6:      trog_eyes_of_draining, uniq_grinder
D:7:      grunt_temple_overflow_diamond, temple_pool_b, serial_shops, shop
D:8:      kennysheep_big_flooded_room, serial_shops, shop, shop,
          nicolae_shop_crystal, shop, uniq_pikel, uniq_psyche
D:9:      grunt_ogre_cave, guppyfry_early_elven_hall
Temple:   eino_wide_crystal_templ_10

Action                   |  1- 3 |  4- 6 |  7- 9 || total
-------------------------+-------+-------+-------++-------
Melee: Unarmed           |    38 |   130 |   139 ||   307
  Use: Potion            |     1 |       |     1 ||     2
       Scroll            |       |     3 |     1 ||     4
 Stab: Sleeping          |       |       |     1 ||     1
  Eat: Chunk             |     7 |     8 |     5 ||    20
